 Dungeon Crawl Stone Soup version 0.29.1-2-gbd0b4ee654 (webtiles) character file.

Game seed: 17592372256946928091

64 zeram the Trooper (level 4, 0/29 HPs)
             Began as a Gargoyle Fighter on Nov 23, 2022.
             Slain by a goblin
             ... wielding a +0 club
             ... led by Robin
              (3 damage)
             ... on level 2 of the Dungeon.
             The game lasted 00:02:24 (2259 turns).

zeram the Trooper (Gargoyle Fighter)                Turns: 2259, Time: 00:02:24

Health: 0/29       AC: 10    Str: 21    XL:     4   Next: 12%
Magic:  4/4        EV:  9    Int:  9    God:
Gold:   141        SH:  4    Dex:  9    Spells: 3/3 levels left

rFire   . . .      SeeInvis .   a - +1 flail
rCold   . . .      Faith    .   c - +0 buckler
rNeg    + . .      Spirit   .   b - +0 scale mail
rPois   ∞          Reflect  .   (no helmet)
rElec   +          Harm     .   (no cloak)
rCorr   .          Rampage  .   (no gloves)
Will    .....                   (no boots)
Stlth   ..........              (no amulet)
HPRegen 0.09/turn               (no ring)
MPRegen 0.09/turn               (no ring)

@: mighty
A: sickness immunity, AC +3, negative energy resistance 1, electricity
resistance, torment resistance 1, petrification resistance
a: no special abilities


You were on level 2 of the Dungeon.
You visited 1 branch of the dungeon, and saw 2 of its levels.

You collected 141 gold pieces.

Inventory:

Hand Weapons
 a - a +1 flail (weapon)
Armour
 b - a +0 scale mail (worn)
 c - a +0 buckler (worn)
Scrolls
 e - a scroll of teleportation {unknown}
 g - 2 scrolls of enchant weapon
 j - a scroll of identify
 k - a scroll of magic mapping {unknown}
 l - a scroll of noise {unknown}
 m - a scroll of butterflies {unknown}
Potions
 f - a potion of berserk rage {unknown}
 h - 2 potions of cancellation
 i - 3 potions of degeneration {unknown}


   Skills:
 + Level 4.0 Fighting
 + Level 2.7 Maces & Flails
 + Level 3.9 Armour
 + Level 0.2 Dodging
 + Level 3.6 Shields


You had 3 spell levels left.
You didn't know any spells.
Your spell library was empty.

Dungeon Overview and Level Annotations

Branches:
Dungeon (2/15)

Altars:

Annotations:
D:2 Robin


Innate Abilities, Weirdness & Mutations

You are immune to sickness and miasma.
Your stone body is resilient. (AC +3)
You are immune to poison.
You resist negative energy. (rN+)
You are resistant to electric shocks. (rElec)
You are resistant to unholy torment.
You are immune to petrification.


Message History

The hobgoblin hits you but does no damage.
Unknown command.
Robin attacks as you move away! Robin hits you with a +0 mace.
The hobgoblin no longer looks unusually strong. x2
Robin throws the goblin at you! You block the hobgoblin's attack.
The goblin hits you but does no damage. The goblin hits you with a +0 dagger.
Things that are here:
a +0 dagger; a +0 dagger; a goblin corpse You barely miss the goblin.
The goblin no longer looks unusually strong.
The hobgoblin hits you. You block the goblin's attack.
The hobgoblin barely misses you. You block the goblin's attack.
You hit the goblin.
You kill the goblin!
The hobgoblin no longer looks unusually strong.
Robin roars a battlecry!
The goblins go into a battle-frenzy!
The hobgoblin hits you.
* * * LOW HITPOINT WARNING * * *
The hobgoblin barely misses you. The goblin closely misses you.
The hobgoblin barely misses you.
The hobgoblin hits you but does no damage.
Okay, then.
You feel very mighty all of a sudden. You block the hobgoblin's attack.
The hobgoblin closely misses you. The goblin hits you but does no damage.
You barely miss Robin. Robin closely misses you.
The hobgoblin closely misses you.
The hobgoblin hits you but does no damage.
You block the goblin's attack.
You barely miss Robin. The hobgoblin barely misses you.
You block the hobgoblin's attack. The goblin hits you with a +0 club.
* * * LOW HITPOINT WARNING * * *
The hobgoblin hits you but does no damage.
Unknown command.
You closely miss Robin. Robin hits you but does no damage.
You block the hobgoblin's attack. The hobgoblin hits you.
* * * LOW HITPOINT WARNING * * *
The goblin hits you with a +0 club.
You die...

#.#..#####.
#.....+..#.#........
#.....##.#.#.#######
#.....##.#.#.######
#.....##.#.#......#
##.....##.#.######.#
##......##.#...)....##
#..)ggg....######.#...
#.gg@g....####.#.####
#.######.......#.# #
#...###.#.####
####...#.........
#......#...#.####
#.##.#.##........
###.##......<....#.
#........#...#.#.#.
#.#.######.#.#.#.#.


You could see Robin, 4 hobgoblins and a goblin (strong).

Vanquished Creatures
  3 worms (D:2)
  2 ball pythons
  5 endoplasms
  3 giant cockroaches
  9 goblins
  3 hobgoblins
  A quokka (D:1)
  8 bats
  7 frilled lizards
  6 kobolds
  4 rats
51 creatures vanquished.

Notes
Turn   | Place    | Note
-------+----------+-------------------------------------------
     0 | D:1      | zeram the Gargoyle Fighter began the quest for the Orb.
     0 | D:1      | Reached XP level 1. HP: 14/14 MP: 1/1
   386 | D:1      | Reached XP level 2. HP: 19/19 MP: 2/2
  1177 | D:1      | Reached XP level 3. HP: 24/24 MP: 3/3
  2055 | D:2      | Reached skill level 4 in Fighting
  2239 | D:2      | Reached XP level 4. HP: 29/29 MP: 4/4
  2242 | D:2      | Noticed Robin
  2259 | D:2      | Slain by a goblin

Illustrated notes

Levels and vault maps discovered:
D:1:      saegor_arrival_simple_b, layout_basic
D:2:      layout_basic, minmay_small_reverse_x, uniq_robin

Skill      XL: |  1  2  3 |
---------------+----------+-----
Fighting       | 4 |  4.0
Maces & Flails | |  2.7
Armour         | |  3.9
Dodging        | |  0.2
Shields        | |  3.6

Action                   |  1- 3 |  4- 6 || total
-------------------------+-------+-------++-------
Melee: Flail             |   145 |    19 ||   164
  Use: Scroll            |     6 |       ||     6
       Potion            |       |     1 ||     1
Armor: Scale mail        |    96 |    17 ||   113
Dodge: Dodged            |    78 |    17 ||    95
Block: Buckler           |    32 |     9 ||    41
